 Dungeon Crawl Stone Soup version 0.22-a0-348-gd16d139 (webtiles) character file.

54432 Amnesiac the Destroyer (level 14, -2/121 HPs)
             Began as a Demigod Conjurer on Apr 10, 2018.
             Slain by a black mamba (8 damage)
             ... on level 6 of the Lair of Beasts.
             The game lasted 00:57:06 (25021 turns).

Amnesiac the Destroyer (Demigod Conjurer)          Turns: 25021, Time: 00:57:06

Health: -2/121     AC:  9    Str: 11    XL:     14   Next: 2%
Magic:  0/51       EV: 19    Int: 27    God:
Gold:   1202       SH:  0    Dex: 16    Spells: 10/33 levels left

rFire    . . .     SeeInvis .   a - staff of energy
rCold    . . .     Gourm    .   (no shield)
rNeg     . . .     Faith    .   K - +0 troll leather armour
rPois    .         Spirit   +   M - +2 helmet
rElec    .         Reflect  .   m - scarf {repulsion}
rCorr    .         Harm     .   Z - +1 pair of gloves
MR       +....                  (no boots)
Stlth    ++........             S - amulet of guardian spirit
HPRegen  0.70/turn              B - ring of magical power
MPRegen  0.32/turn              o - ring of magical power

@: lethally poisoned (-2 -> -3), repel missiles
A: high mp 1
a: no special abilities


You were on level 6 of the Lair of Beasts.
You were hungry.

You visited 2 branches of the dungeon, and saw 18 of its levels.
You also visited: Volcano.

You collected 1398 gold pieces.
You spent 196 gold pieces at shops.

Inventory:

Hand Weapons
 b - a +2 quick blade of freezing
 w - a +4 blowgun
 Q - the +5 spear "Widowermaker" {speed, MR- Str+6}
   (You found it on level 1 of the Lair of Beasts)

   Attacks with this weapon are significantly faster.
   It affects your strength (+6).
   It affects your resistance to hostile enchantments.
Missiles
 f - 87 poisoned needles
 r - 4 throwing nets (quivered)
 u - 11 curare-tipped needles
Armour
 m - a scarf of repulsion (worn)
 E - a +1 ring mail of fire resistance
 K - a +0 troll leather armour (worn)
 M - a +2 helmet (worn)
 Z - a +1 pair of gloves (worn)
Magical Staves
 a - an uncursed staff of energy (weapon)
 D - an uncursed staff of cold
Jewellery
 o - a ring of magical power (right hand)
 B - a ring of magical power (left hand)
 H - an uncursed ring of poison resistance
 J - an uncursed ring of protection from fire
 S - an amulet of guardian spirit (around neck)
 U - a +4 amulet of reflection
Wands
 e - a wand of enslavement (12)
 A - a wand of iceblast (21)
 N - a wand of paralysis (14)
 P - a wand of disintegration (10)
Scrolls
 d - 6 scrolls of remove curse {!r}
 k - 5 scrolls of blinking {!r}
 p - 3 scrolls of amnesia {!r}
 v - 2 scrolls of fog {!r}
 x - 3 scrolls of fear {!r}
 R - 3 scrolls of enchant armour {!r}
 W - 3 scrolls of teleportation {!r}
 X - a scroll of magic mapping {!r}
Potions
 h - 4 potions of brilliance {!q}
 i - 2 potions of lignification {!q}
 j - a potion of might {!q}
 l - 3 potions of mutation {!q}
 n - 4 potions of flight {!q}
 q - 4 potions of cancellation {!q}
 s - 2 potions of agility {!q}
 z - 7 potions of heal wounds {!q}
 G - a potion of curing {!q}
 I - 2 potions of invisibility {!q}
 O - 3 potions of haste {!q}
 T - 2 potions of berserk rage {!q}
Miscellaneous
 t - a phial of floods
 F - a sack of spiders
Comestibles
 c - 32 rations


   Skills:
 - Level 10.0 Fighting
 - Level 10.1 Dodging
 - Level 1.7 Stealth
 + Level 10.4 Spellcasting
 * Level 12.8 Conjurations
 - Level 9.0 Evocations


You had 10 spell levels left.
You knew the following spells:

 Your Spells              Type           Power        Failure   Level  Hunger
a - Iskenderun's Mystic   Conj           ######..     1%          4    None
b - Force Lance           Conj/Tloc      #####...     3%          4    None
c - Searing Ray           Conj           ######       1%          2    None
d - Orb of Destruction    Conj           ######....   24%         7    None
e - Mephitic Cloud        Conj/Pois/Air  #####...     2%          3    None
f - Magic Dart            Conj           ####         1%          1    None
v - Blink                 Tloc           N/A          9%          2    None


Dungeon Overview and Level Annotations

Branches:
Dungeon (12/15)            Temple (0/1) D:5            Lair (6/6) D:8
 Shoals (0/4) Lair:3       Spider (0/4) Lair:3        Slime (0/5) Lair:6
    Orc (0/2) D:11

Shops:
D:7 !

Annotations:
D:10 exclusion: door


Innate Abilities, Weirdness & Mutations

You have an increased reservoir of magic. (+10% MP)


Message History

Aiming: Iskenderun's Mystic Blast (safe; 1% risk of failure)
Press: ? - help, Shift-Dir - straight line, f/p - spiny frog
Aim: a spiny frog (severely wounded)
The orb of energy hits the spiny frog.
You kill the spiny frog!
You feel sick.
Unknown command.
You start resting.
You feel sick. x12
All of the chunks of flesh in your inventory have rotted away.
You feel sick. x3
You are feeling hungry.
You start resting.
You feel sick.
You are no longer poisoned.
You start resting.
The black mamba hisses angrily.
You channel some magical energy.
You feel slightly more hungry.
Casting: Iskenderun's Mystic Blast (safe; 1% risk of failure)
Confirm with . or Enter, or press ? or * to list all spells.
Aiming: Iskenderun's Mystic Blast (safe; 1% risk of failure)
Press: ? - help, Shift-Dir - straight line, f - black mamba
Aim: a black mamba The orb of energy hits the black mamba.
The black mamba is lightly wounded.
The orb of energy explodes!
The black mamba closely misses you.
The black mamba bites you but does no damage.
Unknown command.
Casting: Iskenderun's Mystic Blast (safe; 1% risk of failure)
Confirm with . or Enter, or press ? or * to list all spells.
Aiming: Iskenderun's Mystic Blast (safe; 1% risk of failure)
Press: ? - help, Shift-Dir - straight line, f/p - black mamba
Aim: a black mamba (lightly wounded)
The orb of energy misses the black mamba.
The black mamba closely misses you. x2
Unknown command.
Casting: Iskenderun's Mystic Blast (safe; 1% risk of failure)
Confirm with . or Enter, or press ? or * to list all spells.
Aiming: Iskenderun's Mystic Blast (safe; 1% risk of failure)
Press: ? - help, Shift-Dir - straight line, f/p - black mamba
Aim: a black mamba (lightly wounded)
The orb of energy misses the black mamba.
The orb of energy explodes!
The black mamba bites you!
* * * LOW HITPOINT WARNING * * *
Unknown command.
The black mamba bites you.
* * * LOW HITPOINT WARNING * * *
The black mamba closely misses you. The black mamba bites you!
* * * LOW HITPOINT WARNING * * *
Evoke which item? (* to show all) (? for menu, Esc to quit)
Aiming: Paralyse
Press: ? - help, Shift-Dir - straight line, f/p - black mamba
Aim: a black mamba (lightly wounded, chance to defeat MR: 71%)
The black mamba struggles to resist.
The black mamba bites you!
* * * LOW HITPOINT WARNING * * *
You are poisoned.
The black mamba poisons you! The black mamba bites you.
* * * LOW HITPOINT WARNING * * *
Evoke which item? (* to show all) (? for menu, Esc to quit)
Aiming: Paralyse
Press: ? - help, Shift-Dir - straight line, f/p - black mamba
Aim: a black mamba (lightly wounded, chance to defeat MR: 71%)
The black mamba struggles to resist.
You feel sick. The black mamba bites you!
You die...

#... ##...##.......##
.... #....##...†...##
##....##.......##
#....##........#
##..........#.###
#######P.P........###
...<.##...........#
..#.............S.##
................@#.#
...............}#..###
..............####...#
...............##.####
.........P......#.#
..#.............###
....#..........#..#
...##...........#.##
..#.....P.......##.#


You could see a black mamba.

Vanquished Creatures
  Gastronok (D:11)
  A catoblepas (Lair:6)
  A centaur warrior (Volcano)
  4 hydras
  2 two-headed ogres
  Sonja (D:11)
  A hell knight (Volcano)
  Pikel (D:7)
  11 oklob plants
  4 ugly things (D:12)
  A wolf spider (Lair:6)
  A cyclops (D:9)
  A merfolk siren (Lair:3)
  A guardian serpent (Lair:6)
  17 elephants
  6 black mambas
  Psyche (D:11)
  2 molten gargoyles (Volcano)
  13 spiny frogs
  4 rime drakes
  A kobold demonologist (D:9)
  5 komodo dragons
  A yaktaur (Volcano)
  2 hornets (Lair:6)
  2 trolls
  Prince Ribbit (D:9)
  2 polar bears
  18 blink frogs
  6 hippogriffs
  5 redbacks
  28 yaks
  A spriggan (D:7)
  A wraith (D:12)
  10 wyverns
  5 fire bats (Volcano)
  A basilisk (Lair:1)
  6 vampire mosquitoes (Lair:4)
  Menkaure (D:7)
  An insubstantial wisp (Lair:4)
  An acid dragon (D:12)
  9 porcupines
  17 water moccasins
  2 phantoms (D:12)
  3 ice beasts
  2 orc warriors (D:9)
  2 sky beasts
  A necrophage (D:7)
  2 slaves
  10 ogres
  6 wolves
  6 centaurs
  13 crocodiles
  4 big kobolds
  8 bullfrogs
  A water moccasin zombie (D:9)
  3 scorpions
  A water moccasin skeleton (D:6)
  A howler monkey (D:6)
  3 wights
  5 crimson imps
  A bullfrog zombie (D:5)
  2 centaur zombies
  4 lava snakes (Volcano)
  6 hounds
  A gnoll shaman (D:4)
  6 jellies
  7 orc wizards
  A quasit (D:8)
  3 orc priests
  A bullfrog skeleton (D:7)
  3 centaur skeletons
  5 iguanas
  6 worker ants
  13 hell rats
  4 hound zombies
  11 gnolls
  13 adders
  14 river rats (Lair:3)
  A shadow imp (D:7)
  An ooze (D:7)
  3 worms
  2 adder skeletons
  4 dart slugs
  3 leopard geckos
  23 orcs
  5 giant cockroaches
  7 goblins
  11 hobgoblins
  11 jackals
  13 quokkas
  6 bats
  4 frilled lizards
  22 kobolds
  A quokka zombie (D:8)
  14 rats
  A butterfly (Lair:1)
  3 fungi
  3 plants
510 creatures vanquished.

Vanquished Creatures (others)
  A hornet (Lair:6)
  2 slaves (D:7)
  A crimson imp (D:7)
  An adder (D:7)
  A kobold (D:7)
  11 fungi (Lair:6)
  27 plants
44 creatures vanquished.

Grand Total: 554 creatures vanquished

Notes
Turn   | Place    | Note
-------+----------+-------------------------------------------
     0 | D:1      | Amnesiac the Demigod Conjurer began the quest for the Orb.
     0 | D:1      | Reached XP level 1. HP: 14/14 MP: 5/5
   448 | D:1      | Reached XP level 2. HP: 20/20 MP: 5/7
   462 | D:1      | Reached skill level 4 in Conjurations
  1052 | D:2      | Found a blossoming altar of Fedhas.
  1261 | D:2      | Learned a level 2 spell: Searing Ray
  1340 | D:2      | Found a stormy altar of Qazlal.
  1463 | D:2      | Reached XP level 3. HP: 22/26 MP: 2/9
  1834 | D:2      | Reached XP level 4. HP: 25/33 MP: 2/10
  1843 | D:2      | Learned a level 4 spell: Iskenderun's Mystic Blast
  2042 | D:2      | Found an ornate altar of the Wu Jian Council.
  2495 | D:3      | Reached skill level 5 in Conjurations
  3046 | D:3      | Found a shadowy altar of Dithmenos.
  3078 | D:3      | Found a sacrificial altar of Ru.
  3209 | D:3      | Reached XP level 5. HP: 38/38 MP: 7/12
  3424 | D:4      | Found a white marble altar of Elyvilon.
  4545 | D:4      | Reached skill level 6 in Conjurations
  4546 | D:4      | Reached XP level 6. HP: 43/45 MP: 6/14
  4755 | D:4      | Found a basalt altar of Yredelemnul.
  4757 | D:4      | Noticed a profane servitor
  4771 | D:4      | Found a glowing golden altar of the Shining One.
  4776 | D:4      | Noticed an angel
  4861 | D:4      | Found a deep blue altar of Sif Muna.
  5426 | D:5      | Entered Level 5 of the Dungeon
  5452 | D:5      | Found a snail-covered altar of Cheibriados.
  5714 | D:5      | Found an ancient bone altar of Kikubaaqudgha.
  5889 | D:5      | Found a staircase to the Ecumenical Temple.
  6045 | D:5      | Reached XP level 7. HP: 50/50 MP: 7/16
  6459 | D:5      | Found an opulent altar of Gozag.
  7042 | D:6      | Reached skill level 5 in Spellcasting
  7106 | D:6      | Reached skill level 7 in Conjurations
  7540 | D:6      | Found a shimmering altar of Xom.
  7542 | D:6      | Found a radiant altar of Vehumet.
  7542 | D:6      | Found a hide-covered altar of Uskayaw.
  7544 | D:6      | Found a blossoming altar of Fedhas.
  7544 | D:6      | Found a glowing golden altar of the Shining One.
  7544 | D:6      | Found a hide-covered altar of Uskayaw.
  7799 | D:7      | Noticed Menkaure
  7799 | D:7      | Noticed Pikel
  7950 | D:7      | Reached XP level 8. HP: 57/57 MP: 1/21
  8071 | D:7      | Learned a level 4 spell: Force Lance
  8218 | D:7      | Killed Pikel
  8247 | D:7      | Killed Menkaure
  8369 | D:7      | Reached skill level 1 in Fighting
  8730 | D:7      | Found Dogoteur's Distillery.
  8793 | D:7      | Bought a potion of curing for 42 gold pieces
  8793 | D:7      | Bought a potion of brilliance for 56 gold pieces
  8793 | D:7      | Bought a potion of lignification for 42 gold pieces
  8793 | D:7      | Bought a potion of flight for 42 gold pieces
  8793 | D:7      | Bought a potion of degeneration for 14 gold pieces
  8800 | D:7      | Identified a scroll of acquirement {!r}
  9262 | D:8      | Found a hazy altar of Hepliaklqana.
  9282 | D:8      | Reached XP level 9. HP: 43/71 MP: 5/25
  9754 | D:8      | Learned a level 2 spell: Blink
  9758 | D:8      | Learned a level 3 spell: Mephitic Cloud
 10268 | D:8      | Found a staircase to the Lair.
 10273 | D:8      | Noticed a komodo dragon
 10311 | D:8      | Killed a komodo dragon
 10311 | D:8      | Reached skill level 8 in Conjurations
 10895 | D:9      | Noticed Prince Ribbit
 10899 | D:9      | Killed Prince Ribbit
 10972 | D:9      | Noticed a cyclops
 10976 | D:9      | Noticed a kobold demonologist
 10986 | D:9      | Noticed a rust devil
 10987 | D:9      | Killed a cyclops
 10996 | D:9      | Killed a kobold demonologist
 11315 | D:9      | Reached skill level 5 in Evocations
 11358 | D:9      | Reached XP level 10. HP: 67/79 MP: 13/26
 11667 | D:10     | Entered Level 10 of the Dungeon
 11809 | D:10     | Noticed a two-headed ogre
 11815 | D:10     | Killed a two-headed ogre
 11922 | D:10     | Noticed a storm dragon
 12363 | D:11     | Noticed Psyche
 12365 | D:11     | Noticed Sonja
 12367 | D:11     | Killed Psyche
 12803 | D:11     | Found a staircase to the Orcish Mines.
 12830 | D:11     | Reached skill level 5 in Dodging
 12944 | D:11     | Reached skill level 5 in Fighting
 12961 | D:11     | Killed Sonja
 12961 | D:11     | Reached XP level 11. HP: 88/88 MP: 27/27
 12966 | D:11     | Noticed Gastronok
 12984 | D:11     | Killed Gastronok
 13735 | D:12     | Noticed a two-headed ogre
 13741 | D:12     | Killed a two-headed ogre
 15145 | Lair:1   | Entered Level 1 of the Lair of Beasts
 15323 | Lair:1   | Got a crude spear
 15335 | Lair:1   | Got a smoking whip
 15364 | Lair:1   | Identified the +5 spear "Widowermaker" {speed, MR- Str+6} (You found it on level 1 of the Lair of Beasts)
 15365 | Lair:1   | Identified the cursed +3 whip "Imma" {elec, rN++ MR+ MP+9 Str-4} (You found it on level 1 of the Lair of Beasts)
 15548 | Lair:1   | Found a dark tunnel.
 15558 | Volcano  | Entered a volcano
 15629 | Volcano  | Reached XP level 12. HP: 103/103 MP: 26/28
 15788 | Volcano  | Found a radiant altar of Vehumet.
 15788 | Volcano  | Noticed a centaur warrior
 15795 | Volcano  | Killed a centaur warrior
 17251 | Lair:2   | Reached skill level 10 in Dodging
 17263 | Lair:2   | Reached skill level 10 in Fighting
 17546 | Lair:2   | Learned a level 7 spell: Orb of Destruction
 17836 | Lair:3   | Found a hole to the Spider Nest.
 17929 | Lair:3   | Noticed a six-headed hydra
 17934 | Lair:3   | Killed a six-headed hydra
 18773 | Lair:3   | Reached skill level 9 in Conjurations
 19176 | Lair:3   | Found a staircase to the Shoals.
 19725 | Lair:4   | Got a smoking short sword
 19727 | Lair:4   | Identified the +9 short sword "Tavooss" {flame, *Corrode +Blink Str+5 Dex+3} (You found it on level 4 of the Lair of Beasts)
 19839 | Lair:4   | Reached XP level 13. HP: 90/113 MP: 2/30
 19927 | Lair:3   | Reached skill level 10 in Conjurations
 21418 | Lair:5   | Reached skill level 11 in Conjurations
 22148 | Lair:6   | Entered Level 6 of the Lair of Beasts
 23638 | Lair:6   | Reached skill level 10 in Spellcasting
 23644 | Lair:6   | Reached skill level 12 in Conjurations
 23718 | Lair:6   | HP: 5/113 [wyvern (9)]
 24200 | Lair:6   | Found a staircase to the Slime Pits.
 24954 | Lair:6   | Reached XP level 14. HP: 89/121 MP: 17/33
 25021 | Lair:6   | HP: 6/121 [poisoned by a black mamba]
 25021 | Lair:6   | Slain by a black mamba

Vault maps used:
D:1:      saegor_arrival_simple_b, minmay_misc_feat_iff
D:2:      nicolae_overflow_crystal_walls, marbit_many_paths, old_standard_altar
D:3:      minmay_wonky_spiral, old_standard_altar, first_ration,
          grunt_dithmenos_smoke
D:4:      grunt_temple_overflow_holy_war, elyvilon_altar_4, led_sif_pool
D:5:      grunt_temple_overflow_open, temple_hall, basic_altar
D:6:      doesnt_xom_only_xom
D:7:      serial_shops, nicolae_shop_crystal, the_bakery, serial_bayou_crossing,
          uniq_menkaure, uniq_pikel
D:8:      overflow_temple_1_default, david_lair_shrubbed
D:9:      minmay_curly_fans, uniq_prince_ribbit1
D:10:     minmay_three_doors
D:11:     orc_0_dummy, uniq_sonja, uniq_psyche, uniq_gastronok
Lair:1:   nicolae_volcano_entry_hallway, lemuel_fruit_fields,
          minmay_lair_oklob_chamber, serial_bayou_shore_b
Lair:2:   beast_lair_carwin_5, grunt_megastairs_5, lemuel_fruit_fields
Lair:3:   lemuel_ratsnest, minmay_shoals_entry_lonely_mermaid,
          spider_nest_entry_webs, serial_bayou_shore_b
Lair:4:   pond
Lair:5:   dpeg_oklob_1
Lair:6:   hangedman_lair_tendril_chambers, minmay_slime_entry_oklob_open
Volcano:  volcano_grotto

Skill      XL: |  1  2  3  4  5  6  7  8  9 10 11 12 13 |
---------------+----------------------------------------+-----
Spellcasting   | 2 3 4 6 8 10 | 10.4
Conjurations   | 4 5 6 7 8 9 12 | 12.8
Fighting       | 3 4 5 8 10 | 10.0
Dodging        | 2 4 5 8 10 | 10.1
Evocations     | 5 9 |  9.0
Stealth        | |  1.7

Action                   |  1- 3 |  4- 6 |  7- 9 | 10-12 | 13-15 || total
-------------------------+-------+-------+-------+-------+-------++-------
Melee: Unarmed           |       |     4 |       |       |       ||     4
       Staff             |       |       |       |     2 |     4 ||     6
 Fire: Blowgun           |       |       |       |     1 |       ||     1
 Cast: Magic Dart        |    67 |    40 |    18 |       |       ||   125
       Searing Ray       |     6 |    45 |     2 |       |       ||    53
       Iskenderun's Myst |       |    15 |   162 |   552 |   299 ||  1028
       Mephitic Cloud    |       |       |       |     3 |       ||     3
       Blink             |       |       |       |       |    11 ||    11
       Orb of Destructio |       |       |       |       |     3 ||     3
       Force Lance       |       |       |       |       |     1 ||     1
Evoke: Staff of energy   |       |       |    30 |   547 |   117 ||   694
       Phial of floods   |       |       |       |     1 |       ||     1
       Wand              |       |       |       |       |     3 ||     3
  Use: Scroll            |       |       |    11 |     6 |     9 ||    26
       Potion            |       |       |       |     4 |     6 ||    10
  Eat: Chunk             |     4 |    17 |    11 |    49 |    16 ||    97
       Ration            |       |       |     5 |     1 |     2 ||     8
Armor: Robe              |     3 |     5 |     3 |       |       ||    11
       Troll leather arm |       |       |       |    60 |    59 ||   119
       Ring mail         |       |       |       |    28 |       ||    28
       Skin              |       |       |       |    14 |     7 ||    21
Dodge: Dodged            |    11 |    31 |    17 |   312 |   244 ||   615
       Deflected         |       |       |     5 |    19 |    12 ||    36

Table legend:
 A = Spawn XP
 B = Non-spawn XP
 C = Spawn XP percentage of total XP
 D = Spawn monster count
 E = Non-spawn monster count
 F = Spawn count percentage of total count
 G = Total turns spent on level
                    A         B        C        D         E        F      G
               +---------+---------+-------+---------+---------+-------+---------
         Total |       0 |   77761 |   0.0 |       0 |     501 |   0.0 | 25021
               +---------+---------+-------+---------+---------+-------+---------
           D:1 |       0 |      31 |   0.0 |       0 |      16 |   0.0 |   910
           D:2 |       0 |     119 |   0.0 |       0 |      21 |   0.0 |  1564
           D:3 |       0 |      91 |   0.0 |       0 |      27 |   0.0 |   922
           D:4 |       0 |     351 |   0.0 |       0 |      26 |   0.0 |  2098
           D:5 |       0 |     351 |   0.0 |       0 |      13 |   0.0 |  1149
           D:6 |       0 |     494 |   0.0 |       0 |      14 |   0.0 |  1463
           D:7 |       0 |    1707 |   0.0 |       0 |      25 |   0.0 |  1388
           D:8 |       0 |    1504 |   0.0 |       0 |      21 |   0.0 |  1622
           D:9 |       0 |    2450 |   0.0 |       0 |      22 |   0.0 |   936
          D:10 |       0 |    2767 |   0.0 |       0 |      28 |   0.0 |   739
          D:11 |       0 |    4876 |   0.0 |       0 |      19 |   0.0 |   872
          D:12 |       0 |    6737 |   0.0 |       0 |      43 |   0.0 |  1482
        Lair:1 |       0 |    5314 |   0.0 |       0 |      20 |   0.0 |  1193
        Lair:2 |       0 |    2970 |   0.0 |       0 |      12 |   0.0 |  1123
        Lair:3 |       0 |    9169 |   0.0 |       0 |      67 |   0.0 |  1854
        Lair:4 |       0 |    5780 |   0.0 |       0 |      26 |   0.0 |   862
        Lair:5 |       0 |   10753 |   0.0 |       0 |      33 |   0.0 |  2578
        Lair:6 |       0 |   17862 |   0.0 |       0 |      51 |   0.0 |  1744
       Volcano |       0 |    4435 |   0.0 |       0 |      17 |   0.0 |   522
               +---------+---------+-------+---------+---------+-------+---------
